 Dungeon Crawl Stone Soup version 0.31-a0-7-g51783674b7 (webtiles) character file.

Game seed: 11337101442453579724

483 Zonian the Ducker (level 7, -5/45 HPs)
             Began as a Djinni Ice Elementalist on May 6, 2023.
             Slain by an ogre
             ... wielding a +0 giant club
              (30 damage)
             ... on level 5 of the Dungeon.
             The game lasted 00:17:28 (7083 turns).

Zonian the Ducker (Djinni Ice Elementalist)         Turns: 7083, Time: 00:17:29

Health: -5/45      AC:  7    Str:  7    XL:     7   Next: 35%
Gold:   68         EV: 13    Int: 19    God:
                   SH:  0    Dex: 13

rFire   + + .        m - +2 dagger (pain)
rCold   x . .        (no shield)
rNeg    . . .        c - +0 leather armour
rPois   ∞            (no helmet)
rElec   .            l - +0 cloak
rCorr   .            q - +2 pair of gloves
SInv    .            (boots unavailable)
Will    .....        (no amulet)
Stlth   ++           (no ring)
HPRegen 0.27/turn    (no ring)
MPRegen 0.00/turn

%: infuse magic (-6 HP)
@: flying
A: sickness immunity, fire resistance 2, cold vulnerability 1, float, innate
caster, HP casting, extra vitality 1
a: no special abilities


You were on level 5 of the Dungeon.
You visited 2 branches of the dungeon, and saw 6 of its levels.

You collected 174 gold pieces.
You spent 106 gold pieces at shops.

Inventory:

Hand Weapons
 d - a +1 dagger
 m - a +2 dagger of pain (weapon)
Missiles
 n - 6 javelins
Armour
 a - a +0 robe
 c - a +0 leather armour (worn)
 l - a +0 cloak (worn)
 q - a +2 pair of gloves (worn)
Magical Staves
 k - a staff of death
 p - a staff of air
Wands
 i - a wand of paralysis (1)
Scrolls
 g - a scroll of noise
Potions
 b - 3 potions of attraction
 e - 2 potions of mutation
 f - a potion of haste
 j - a potion of lignification {unknown}
 o - a potion of flight {unknown}
 r - 2 potions of magic {unknown}
 s - a potion of curing {unknown}
 u - a potion of ambrosia {unknown}
 v - a potion of resistance {unknown}


   Skills:
 + Level 4.9 Dodging
 + Level 4.0 Stealth
 + Level 4.5 Spellcasting


You knew the following spells:

 Your Spells              Type           Power      Damage    Failure   Level
a - Freeze                Ice            84%        1d9       3%          1
b - Frozen Ramparts       Ice            42%        1d7       9%          3
c - Ozocubu's Armour      Ice            21%        N/A       9%          3
d - Summon Ice Beast      Ice/Summ       21%        N/A       30%         4
e - Necrotise             Necr           84%        1d8       3%          1
f - Call Imp              Summ           42%        N/A       4%          2
g - Call Canine Familiar  Summ           21%        N/A       9%          3
Your spell library was empty.

Dungeon Overview and Level Annotations

Branches:
Dungeon (5/15)             Temple (1/1) D:4

Altars:
Cheibriados
Dithmenos
Elyvilon
Fedhas
Gozag
Okawaru
Qazlal
Trog
Uskayaw
Wu Jian
Xom
Yredelemnul

Shops:
D:2 :*:*

Portals:
Abyss: D:4

Annotations:
D:4 2 transporters, Edmund; bande's ghost, amateur GrFi


Innate Abilities, Weirdness & Mutations

You are immune to sickness and miasma.
You are immune to poison.
Your flesh is very heat resistant. (rF++)
You are vulnerable to cold. (rC-)
You float through the air rather than walking.
You learn spells naturally, not from books.
Your magical power is your life essence.
You have superior vitality. (+4 MHP)


Message History

Aim: an ogre, wielding a +0 giant club (lightly wounded, poisoned, 72% to hit)
You throw a poisoned dart.
The poisoned dart barely misses the ogre.
Unknown command.
Casting: Call Imp (safe; 4% risk of failure)
Confirm with . or Enter, or press ? or * to list all spells.
Aiming: Freeze (safe; 3% risk of failure)
Press: ? - help, Shift-Dir - straight line, f/p - ogre
Aim: an ogre, wielding a +0 giant club (lightly wounded, poisoned)
You freeze the ogre.
The ogre is moderately wounded.
The ogre hits you with a +0 giant club!
Unknown command.
Casting: Freeze (safe; 3% risk of failure)
Confirm with . or Enter, or press ? or * to list all spells.
Aiming: Freeze (safe; 3% risk of failure)
Press: ? - help, Shift-Dir - straight line, f/p - ogre
Aim: an ogre, wielding a +0 giant club (moderately wounded, poisoned)
You freeze the ogre.
The ogre is heavily wounded.
Unknown command.
Casting: Freeze (safe; 3% risk of failure)
Confirm with . or Enter, or press ? or * to list all spells.
Aiming: Freeze (safe; 3% risk of failure)
Press: ? - help, Shift-Dir - straight line, f/p - ogre
Aim: an ogre, wielding a +0 giant club (heavily wounded, poisoned)
You freeze the ogre.
The ogre is severely wounded.
The ogre misses you.
Unknown command.
Casting: Freeze (safe; 3% risk of failure)
Confirm with . or Enter, or press ? or * to list all spells.
Aiming: Freeze (safe; 3% risk of failure)
Press: ? - help, Shift-Dir - straight line, f/p - ogre
Aim: an ogre, wielding a +0 giant club (severely wounded, poisoned)
You freeze the ogre!
The ogre is almost dead.
The ogre hits you with a +0 giant club!!
Ouch! That really hurt!
You die...

.+.# #.##......
##.......###
#......... ........+
#.#....... #.......#
#.##......
#.......#####.##...###
#.........(#.##...#
#..s......(#.##...###
#....O..((.#.#####...
#@# #.# #...
#####'#######.#####...
#.....................
#..........##...###...
#.........[##...# ####
#..........##...#
#..........##...#
#############.### #..


You could see an ogre (poisoned) and a scorpion.

Vanquished Creatures
  An ogre (D:4)
  A phantom (D:4)
  Blork the orc (D:4)
  A hound (D:5)
  A sleepcap (D:5)
  Ijyb (D:3)
  An iguana (D:4)
  5 adders
  A shadow imp (D:5)
  2 worms
  7 orcs (D:3)
  10 endoplasms
  A giant cockroach (D:2)
  9 hobgoblins
  6 jackals (D:1)
  A quokka (D:1)
  9 ball pythons
  4 bats
  2 frilled lizards
  2 goblins
  7 kobolds
  14 rats
87 creatures vanquished.

Vanquished Creatures (others)
  71 plants (D:5)
71 creatures vanquished.

Grand Total: 158 creatures vanquished

Notes
Turn   | Place    | Note
-------+----------+-------------------------------------------
     0 | D:1      | Zonian the Djinni Ice Elementalist began the quest for the
                  | Orb.
     0 | D:1      | Zonian set off with the following spells memorised: Freeze,
                  | Frozen Ramparts, Ozocubu's Armour, Summon Ice Beast.
     0 | D:1      | Reached XP level 1. HP: 15/15 MP: 0/0
    34 | D:1      | Reached XP level 2. HP: 11/21 MP: 0/0
   568 | D:1      | Reached XP level 3. HP: 25/25 MP: 0/0
   568 | D:1      | Learned a level 1 spell: Necrotise
   655 | D:1      | Found a faded altar of an unknown god.
  1218 | D:2      | Found a shadowy altar of Dithmenos.
  1266 | D:2      | Found Xixkizeynk's Book Emporium.
  1456 | D:2      | Found Doolaedgh's Assorted Antiques.
  1464 | D:2      | Bought a scroll labelled BESETAENGE for 30 gold pieces
  1573 | D:2      | Reached XP level 4. HP: 14/31 MP: 0/0
  2204 | D:2      | Found Duuvvah's Book Shoppe.
  2292 | D:2      | Bought a scroll labelled GIACHAMENT for 30 gold pieces
  2422 | D:2      | Found Lip Ollo's Assorted Antiques.
  2848 | D:3      | Noticed Ijyb
  3377 | D:3      | Killed Ijyb
  3378 | D:3      | Reached XP level 5. HP: 30/35 MP: 0/0
  3378 | D:3      | Learned a level 2 spell: Call Imp
  3753 | D:4      | Found a transporter.
  3776 | D:4      | Noticed Blork the orc
  4030 | D:4      | Noticed an ogre
  4055 | D:4      | Found a white marble altar of Elyvilon.
  4738 | D:4      | Killed an ogre
  4739 | D:4      | Reached XP level 6. HP: 40/40 MP: 0/0
  4886 | D:4      | Found a transporter.
  4912 | D:4      | Found a one-way gate to the infinite horrors of the Abyss.
  4912 | D:4      | Noticed bande's ghost (amateur GrFi)
  5272 | D:2      | Bought a blue potion for 23 gold pieces
  5272 | D:2      | Bought a sapphire potion for 23 gold pieces
  5612 | D:4      | Noticed Edmund
  5741 | D:4      | Found a snail-covered altar of Cheibriados.
  5959 | D:4      | Found a staircase to the Ecumenical Temple.
  5968 | Temple   | Entered the Ecumenical Temple
  6156 | D:4      | Killed Blork the orc
  6157 | D:4      | Reached XP level 7. HP: 44/45 MP: 0/0
  6157 | D:4      | Learned a level 3 spell: Call Canine Familiar
  6372 | D:5      | Entered Level 5 of the Dungeon
  6691 | D:5      | HP: 1/45 [shadow imp (3)]
  7083 | D:5      | Slain by an ogre

Illustrated notes

Levels and vault maps discovered:
D:1:      onia_arrival_handbag, layout_basic,
          hellmonk_ecumenical_altar_arch_garden
D:2:      layout_basic, basic_altar, serial_shops, nicolae_shop_real_fake_doors,
          nicolae_shop_temple_entry_statues_fountains,
          nicolae_shop_behind_doors, nicolae_shop_stone, minmay_pentomino_x2
D:3:      layout_loops_ring, uniq_ijyb
D:4:      layout_gridville, mainiacjoe_overflow_tiny_flanked,
          lemuel_doored_altar, minmay_temple_entry_arrows,
          gammafunk_ghost_abyssal_escape, uniq_edmund, uniq_blork_the_orc
D:5:      layout_basic, serial_bayou, serial_bayou_lagoon_a,
          serial_bayou_pond_c, serial_bayou_pond_e, serial_bayou_lagoon_b
Temple:   hellmonk_temple_micro_hex

Skill      XL: |  1  2  3  4  5  6  7 |
---------------+----------------------+-----
Stealth        | 2 3 4 |  4.0
Dodging        | 3 4 |  4.9
Spellcasting   | 4 |  4.5

Action                     |  1- 3 |  4- 6 |  7- 9 || total
---------------------------+-------+-------+-------++-------
  Melee: Unarmed           |    11 |       |       ||    11
         Dagger            |    70 |   143 |    34 ||   247
         Punch             |     1 |       |       ||     1
  Throw: Dart              |       |       |     5 ||     5
   Cast: Freeze            |    38 |    38 |    20 ||    96
         Call Imp          |       |       |     1 ||     1
  Evoke: Wand              |       |     2 |       ||     2
    Use: Scroll            |       |    16 |       ||    16
         Potion            |       |     4 |       ||     4
   Stab: Sleeping          |     2 |     5 |       ||     7
         Distracted        |       |     1 |       ||     1
 Armour: Robe              |     5 |       |       ||     5
         Leather armour    |    24 |    49 |     9 ||    82
  Dodge: Dodged            |    93 |   107 |    29 ||   229

Table legend: (Time is in decaauts)
 A = Elapsed time spent in this place.
 B = Non-inter-level travel time spent in this place.
 C = Inter-level travel time spent in this place.
 D = Time resting spent in this place.
 E = Time spent auto-exploring this place.
 F = Levels seen in this place.
 G = Mean time per level.
                   A        B        C        D        E       F      G
               +--------+--------+--------+--------+--------+-----+--------+
         Total |   7090 |   6662 |    428 |   2689 |   2339 |   6 | 1181.7 |
       Dungeon |   7052 |   6624 |    428 |   2689 |   2339 |   5 | 1410.4 |
        Temple |     37 |     37 |      0 |      0 |      0 |   1 |   37.0 |
               +--------+--------+--------+--------+--------+-----+--------+

Top non-repeatable levels by time:
     D:4: 1927 daAuts
     D:2: 1655 daAuts
     D:3: 1561 daAuts
     D:1: 1197 daAuts
     D:5: 710 daAuts
  Temple: 37 daAuts
